 Dungeon Crawl Stone Soup version 0.18-a0-1577-gf591c28 (webtiles) character file.

104069 mrath the Blocker (level 15, -16/136 HPs)
             Began as a Minotaur Fighter on Mar 18, 2016.
             Was a High Priest of Okawaru.
             Killed from afar by a fire giant (52 damage)
             ... with a bolt of fire
             ... on level 15 of the Dungeon.
             The game lasted 03:21:27 (30579 turns).

mrath the Blocker (Minotaur Fighter)               Turns: 30579, Time: 03:21:27

Health: -16/136    AC: 40    Str: 33    XL:     15   Next: 90%
Magic:  21/21      EV: 11    Int:  5    God:    Okawaru [*****.]
Gold:   1253       SH: 18    Dex: 12    Spells: 0 memorised, 14 levels left

rFire  . . .     SeeInvis +     T - +11 falchion of Ragnarok {elec, rElec}
rCold  . . .     Gourm    .     Z - +13 crystal plate armour "Uzethicu" {Str+5 Slay+2}
rNeg   + . .     Faith    .     c - +0 shield
rPois  .         Spirit   .     (helmet restricted)
rElec  +         Dismiss  .     a - +2 cloak
rCorr  .         Reflect  +     X - +0 pair of gloves {Str+3}
SustAt .         Harm     .     (no boots)
MR     +....                    y - +4 amulet of reflection
Stlth  ..........               D - ring of see invisible
                                b - ring "Itralas" {rN+ Slay+5}

@: somewhat resistant to hostile enchantments, extremely unstealthy
A: retaliatory headbutt, horns 2
a: Heroism, Finesse, Renounce Religion


You were on level 15 of the Dungeon.
You worshipped Okawaru.
Okawaru was extremely pleased with you.
You were not hungry.

You visited 4 branches of the dungeon, and saw 26 of its levels.
You also visited: Ossuary and Bailey.

You collected 2634 gold pieces.
You spent 1381 gold pieces at shops.

Inventory:

Hand Weapons
 f - a +2 greatsling of flaming
 h - a +5 flail of crushing
 l - a +0 great sword of slicing
 q - a +2 eveningstar of protection
 R - the +5 demon whip of Rubbish {drain, Str+3 Stlth+}
   (Okawaru gifted it to you on level 15 of the Dungeon)

   A truly terrible weapon, it drains the life of those it strikes.
   It affects your strength (+3).
   It makes you more stealthy.
 T - the +11 falchion of Ragnarok (weapon) {elec, rElec}
   (You found it on level 8 of the Dungeon)

   Occasionally, upon striking a foe, it will discharge some electrical energy
   and cause terrible harm.
   It insulates you from electricity.
Missiles
 m - 128 sling bullets
 o - 8 javelins of returning (quivered)
Armour
 a - a +2 cloak (worn)
 c - a +0 shield (worn)
 P - the +2 ring mail of Philately {rPois MR+ Stlth+, unknown}
   (You found it on level 15 of the Dungeon)

   It protects you from poison.
   It affects your resistance to hostile enchantments.
   It makes you more stealthy.
 X - a +0 pair of gloves of strength (worn)
 Z - the +13 crystal plate armour "Uzethicu" (worn) {Str+5 Slay+2}
   (Okawaru gifted it to you on level 8 of the Lair of Beasts)

   It affects your strength (+5).
   It affects your accuracy and damage with ranged weapons and melee attacks
   (+2).
Rods
 W - a +0 rod of clouds (12/12)
   (You found it on level 10 of the Dungeon)
Jewellery
 b - the ring "Itralas" (left hand) {rN+ Slay+5}
   (You bought it in a shop on level 2 of the Orcish Mines)

   [ring of slaying]

   It affects your accuracy and damage with ranged weapons and melee attacks
   (+5).
   It protects you from negative energy.
 k - an uncursed ring of positive energy
 p - a +5 ring of slaying
 t - an uncursed ring of poison resistance
 w - an uncursed ring of flight
 y - a +4 amulet of reflection (around neck)
 D - a ring of see invisible (right hand)
 V - a +3 ring of evasion
Wands
 B - a wand of flame (13/48)
 H - a wand of iceblast (14/15)
 J - a wand of flame (38/48)
 L - a wand of acid (2/15)
 M - a wand of teleportation (6/9)
 N - a wand of hasting (2/9)
 S - a wand of lightning (11/15)
Scrolls
 g - 6 scrolls of teleportation
 i - 13 scrolls of remove curse
 j - a scroll of magic mapping {unknown}
 s - 4 scrolls of identify
 z - a scroll of fog {unknown}
 F - a scroll of enchant weapon
 G - a scroll of blinking
 I - 2 scrolls of fear
 Q - a scroll of brand weapon {unknown}
Potions
 d - 4 potions of might
 e - 3 potions of cancellation
 n - 5 potions of haste
 r - a potion of agility
 u - 14 potions of curing
 x - a potion of lignification
 A - 5 potions of flight
 E - 2 potions of resistance
 O - 4 potions of heal wounds
Miscellaneous
 K - a fan of gales
 Y - a lamp of fire
Comestibles
 v - a meat ration
 C - 4 chunks of flesh
 U - 17 fruits


   Skills:
 + Level 13.2 Fighting
 + Level 12.8 Long Blades
 + Level 9.3 Maces & Flails
 + Level 13.3 Armour
 + Level 12.4 Dodging
 + Level 13.5 Shields
 - Level 7.5 Invocations
 + Level 10.5 Evocations


You had 14 spell levels left.
You didn't know any spells.

Dungeon Overview and Level Annotations

Branches:
Dungeon (15/15)            Temple (1/1) D:5            Lair (8/8) D:10
  Swamp (0/4) Lair:4       Spider (0/4) Lair:5        Slime (0/6) Lair:8
    Orc (2/2) D:12            Elf (0/3) Orc:2        Vaults (0/5) D:13
 Depths (0/5) D:15

Altars:
Ashenzari
Cheibriados
Dithmenos
Elyvilon
Fedhas
Gozag
Kikubaaqudgha
Makhleb
Nemelex Xobeh
Okawaru
Pakellas
Qazlal
Ru
Sif Muna
Trog
Vehumet
Xom
Yredelemnul
Zin
The Shining One
Beogh

Shops:
D:4 :   D:5 (   D:10 %   D:13 ?   Orc:2 [(=*


Innate Abilities, Weirdness & Mutations

You reflexively headbutt those who attack you in melee.
You have a pair of horns on your head.


Message History

You feel much better.
The fire giant hits you with a great sword of flaming!
* * * LOW HITPOINT WARNING * * *
The fire giant burns you.
* * * LOW HITPOINT WARNING * * *
You slash the fire giant!
The fire giant is lightly wounded.
The fire giant hits you but does no damage.
You slice the fire giant!! You headbutt the fire giant!
The fire giant is heavily wounded.
You slash the fire giant! You headbutt the fire giant.
The fire giant is heavily wounded.
You block the fire giant's attack.
You slash the fire giant!
The fire giant is severely wounded.
You slash the fire giant! You headbutt the fire giant!
The fire giant is almost dead.
The fire giant gestures at you while chanting.
The bolt of fire hits you!
You die...

#........§≈≈≈...§§≈≈.#####.......
.........≈≈§§§.≈§≈≈≈.# #.......
#........§≈#≈§≈.≈#§≈.#####.......
#........§≈≈§§.§§≈≈§.##..........
#.......#§§§≈.≈.§≈..###......(...
#.......##..§..§§..# #..........
####.#########.##### #......####
#.# #.########......#### #.#
#.C@............+... #.#
#######.....#.##.#.# #.#
#.......##...# #.# #....(##..####
####.###### #.....##..####
..........# #.......##..##
..........##########....##.##.#.+
........................#####.###
................................+


You could see a fire giant.

Vanquished Creatures
  Rupert (D:12)
  Gastronok (D:12)
  Maud (Orc:1)
  2 orc warlords (Orc:1)
  A stone giant (Orc:2)
  Nessos (D:15)
  8 vault guards (D:13)
  An ogre mage (D:14)
  8 hydras
  Harold (Lair:1)
  2 centaur warriors (D:14)
  A catoblepas (Lair:8)
  3 orc high priests (Orc:2)
  Urug (Orc:1)
  A fire crab (Lair:6)
  Nergalle (D:12)
  The ghost of M4edhros the Blocker, a novice OpWn of Gozag (D:8)
  An unseen horror (D:14)
  A swamp dragon (Lair:4)
  6 hill giants
  8 orc knights
  4 slime creatures (D:12)
  3 orc sorcerers (Orc:2)
  A deep elf mage (D:14)
  A manticore (D:12)
  5 griffons
  3 cyclopes
  18 elephants
  Joseph (D:7)
  2 black mambas
  19 spiny frogs
  A torpor snail (Lair:4)
  3 gargoyles
  6 komodo dragons
  An efreet (D:15)
  3 kobold demonologists
  A rime drake (Lair:2)
  2 polar bears (Lair:7)
  7 trolls
  3 giant leeches (Lair:8)
  A harpy zombie (D:15)
  3 jumping spiders (Lair:5)
  3 two-headed ogres
  2 harpy skeletons (D:15)
  39 blink frogs
  A shadow (D:15)
  3 redbacks (Lair:5)
  A water elemental (D:14)
  22 yaks
  A vampire (D:14)
  4 wyverns
  2 wraiths
  12 hippogriffs
  Eustachio (D:4)
  A yak (shapeshifter) (D:15)
  A hippogriff (shapeshifter) (D:13)
  7 basilisks
  5 wargs
  13 vampire mosquitoes
  A mottled dragon (D:11)
  2 hungry ghosts (D:13)
  The ghost of M4edhros the Digger, an amateur OpWn of Xom (Ossuary)
  15 swamp worms (Lair:6)
  16 water moccasins
  9 porcupines
  2 ice beasts
  54 orc warriors
  An eye of draining (shapeshifter) (D:14)
  3 phantoms
  3 sky beasts
  20 ogres
  An eye of draining (D:14)
  12 wolves
  A necrophage (D:8)
  6 centaurs
  17 crocodiles
  7 big kobolds
  Blork the orc (D:4)
  38 giant frogs
  4 scorpions
  15 killer bees
  6 howler monkeys
  10 wights
  4 electric eels
  8 crimson imps
  5 centaur zombies
  2 giant frog zombies (D:13)
  2 quasits
  A jelly (D:5)
  12 orc priests
  5 hounds
  12 orc wizards
  2 centaur skeletons
  Terence (D:1)
  5 giant frog skeletons
  12 worker ants
  11 iguanas
  22 sheep
  A sheep (shapeshifter) (D:14)
  A big kobold zombie (Ossuary)
  A hound skeleton (D:6)
  5 mummies (Ossuary)
  6 gnolls
  85 river rats
  17 adders
  3 shadow imps
  A white imp (D:5)
  2 oozes (D:3)
  An adder skeleton (D:8)
  An adder zombie (D:7)
  5 worms
  4 dart slugs
  7 giant geckos
  95 orcs
  2 ball pythons
  A giant cockroach (D:3)
  7 goblins
  2 hobgoblins
  12 jackals
  8 quokkas
  6 bats
  A giant cockroach zombie (D:5)
  7 giant newts
  A goblin skeleton (D:5)
  5 goblin zombies
  4 hobgoblin zombies
  A jackal skeleton (D:4)
  29 kobolds
  2 kobold zombies
  2 orc skeletons (D:5)
  An orc zombie (Ossuary)
  A quokka skeleton (D:8)
  8 rats
  5 fungi
  A plant (Lair:6)
947 creatures vanquished.

Vanquished Creatures (others)
  A hydra (D:15)
  A cyclops (D:11)
  An ugly thing (D:13)
  A wyvern (D:15)
  4 centaurs
  A jelly (D:15)
  An orc (Orc:2)
  A quokka (D:13)
  10 fungi
  11 plants
32 creatures vanquished.

Grand Total: 979 creatures vanquished

Notes
Turn   | Place    | Note
--------------------------------------------------------------
     0 | D:1      | mrath the Minotaur Fighter began the quest for the Orb.
     0 | D:1      | Reached XP level 1. HP: 19/19 MP: 0/0
   345 | D:1      | Reached XP level 2. HP: 26/26 MP: 1/1
  1005 | D:2      | Noticed Terence
  1022 | D:1      | Killed Terence
  1022 | D:1      | Reached XP level 3. HP: 13/31 MP: 2/2
  1280 | D:2      | Reached skill level 5 in Maces & Flails
  1419 | D:1      | Reached XP level 4. HP: 15/39 MP: 3/3
  1696 | D:2      | Found a burning altar of Makhleb.
  2881 | D:3      | Found an oddly glowing altar of Pakellas.
  2887 | D:3      | Found a shadowy altar of Dithmenos.
  2924 | D:3      | Reached XP level 5. HP: 45/45 MP: 4/4
  3147 | D:4      | Noticed Blork the orc
  3147 | D:4      | Noticed an ogre
  3323 | D:4      | Reached skill level 1 in Dodging
  3346 | D:4      | Found a sparkling altar of Nemelex Xobeh.
  3362 | D:4      | Noticed Eustachio
  3363 | D:4      | Killed an ogre
  3363 | D:4      | Reached skill level 1 in Evocations
  3363 | D:4      | Reached XP level 6. HP: 39/52 MP: 5/5
  3375 | D:4      | Killed Eustachio
  3612 | D:4      | Reached XP level 7. HP: 60/60 MP: 7/7
  3650 | D:4      | Found Xoep's Book Shop.
  3709 | D:4      | Found a sacrificial altar of Ru.
  3728 | D:4      | Killed Blork the orc
  3835 | D:4      | Reached skill level 5 in Shields
  3987 | D:5      | Entered Level 5 of the Dungeon
  4058 | D:5      | Found a burning altar of Makhleb.
  4080 | D:5      | Found a bloodstained altar of Trog.
  4086 | D:5      | Found Copum's Weapon Shoppe.
  4153 | D:5      | Found a glowing golden altar of the Shining One.
  4174 | D:5      | Reached skill level 5 in Fighting
  4257 | D:5      | Found a staircase to the Ecumenical Temple.
  4269 | Temple   | Entered the Ecumenical Temple
  4544 | D:5      | Found a sand-covered staircase.
  4549 | Ossuary  | Entered an ossuary
  4553 | Ossuary  | Noticed M4edhros's ghost (amateur OpWn)
  4562 | Ossuary  | Killed M4edhros's ghost
  4562 | Ossuary  | Reached skill level 5 in Armour
  4567 | Ossuary  | Reached XP level 8. HP: 68/68 MP: 8/8
  5731 | D:6      | Found a bloodstained altar of Trog.
  5851 | D:6      | Got a jewelled hand axe
  6421 | D:6      | Identified the +1 hand axe "Sudgh" {vamp, rF+ Dex+8} (You found it on level 6 of the Dungeon)
  6463 | D:7      | Noticed Joseph
  6478 | D:7      | Killed Joseph
  6731 | D:7      | Reached XP level 9. HP: 75/75 MP: 10/10
  7024 | D:7      | Found a snail-covered altar of Cheibriados.
  7070 | D:7      | Reached skill level 5 in Dodging
  7722 | D:8      | Got a twisted quarterstaff
  7799 | D:8      | Found a shattered altar of Ashenzari.
  7803 | D:8      | Noticed M4edhros's ghost (novice OpWn)
  7830 | D:8      | Killed M4edhros's ghost
  7996 | D:8      | Reached XP level 10. HP: 59/86 MP: 12/12
  8231 | D:8      | Found an iron altar of Okawaru.
  8238 | D:8      | Got a fine falchion
  8245 | D:8      | Became a worshipper of Warmaster Okawaru
  8269 | D:8      | Found a blossoming altar of Fedhas.
  8368 | D:8      | Found a glowing silver altar of Zin.
  8370 | D:8      | Reached skill level 5 in Evocations
  8371 | D:8      | Found a glowing golden altar of the Shining One.
  8399 | D:8      | Identified the +11 falchion of Ragnarok {elec, rElec} (You found it on level 8 of the Dungeon)
  8435 | D:9      | Reached skill level 1 in Long Blades
  8665 | D:9      | Found a flagged portal.
  8691 | D:9      | Reached * piety under Okawaru
  8773 | Bailey   | Entered a bailey
  9846 | Bailey   | Got a shimmering dire flail {flame}
  9893 | Bailey   | Reached ** piety under Okawaru
 10624 | D:9      | Reached XP level 11. HP: 95/95 MP: 14/14
 10770 | D:10     | Entered Level 10 of the Dungeon
 10963 | D:10     | Noticed a hill giant
 10969 | D:10     | Killed a hill giant
 10969 | D:10     | Reached *** piety under Okawaru
 10975 | D:10     | Reached skill level 5 in Long Blades
 10988 | D:10     | Found a staircase to the Lair.
 11218 | D:10     | Noticed a hill giant
 11226 | D:10     | Killed a hill giant
 11256 | D:10     | Found Vineqeil's Food Shoppe.
 11473 | D:10     | Identified a +0 rod of clouds (12/12) (You found it on level 10 of the Dungeon)
 11562 | Lair:1   | Entered Level 1 of the Lair of Beasts
 11656 | Lair:1   | Reached **** piety under Okawaru
 11956 | Lair:1   | Noticed Harold
 11999 | Lair:1   | Killed Harold
 12820 | Lair:2   | Noticed a four-headed hydra
 12830 | Lair:2   | Killed a four-headed hydra
 12830 | Lair:2   | Reached skill level 10 in Shields
 13218 | Lair:2   | Reached ***** piety under Okawaru
 13222 | Lair:2   | Reached XP level 12. HP: 58/106 MP: 14/16
 13407 | Lair:2   | Noticed a four-headed hydra
 13424 | Lair:2   | Killed a four-headed hydra
 14269 | Lair:3   | Reached skill level 10 in Fighting
 14286 | Lair:3   | Reached skill level 10 in Armour
 14974 | Lair:3   | Received a gift from Okawaru
 15229 | Lair:4   | Reached skill level 1 in Invocations
 15357 | Lair:4   | Found a staircase to the Swamp.
 16056 | Lair:4   | Found a runed door.
 16071 | Lair:4   | Reached XP level 13. HP: 114/114 MP: 17/17
 16962 | Lair:5   | Found a hole to the Spider Nest.
 17002 | Lair:5   | Reached ****** piety under Okawaru
 17464 | Lair:6   | Reached skill level 10 in Long Blades
 17474 | Lair:6   | Received a gift from Okawaru
 17475 | Lair:6   | Got an ancient triple sword {god gift}
 18421 | Lair:6   | Got a transparent turquoise ring
 19222 | Lair:6   | Identified the ring of Day {Wiz rPois} (You found it on level 6 of the Lair of Beasts)
 19238 | Lair:6   | Reached skill level 10 in Dodging
 19350 | Lair:7   | Received a gift from Okawaru
 19351 | Lair:7   | Got an encrusted scale mail {god gift}
 19381 | Lair:6   | Identified the +0 scale mail of Okawaru's Condemnation {rElec Dex+4} (Okawaru gifted it to you on level 7 of the Lair of Beasts)
 19391 | Lair:6   | Identified the +8 triple sword of Sopt {vamp, rElec rF- rC+ SInv} (Okawaru gifted it to you on level 6 of the Lair of Beasts)
 20061 | Lair:8   | Entered Level 8 of the Lair of Beasts
 20486 | Lair:8   | Reached XP level 14. HP: 125/125 MP: 19/19
 21033 | Lair:8   | Reached skill level 5 in Invocations
 21082 | Lair:8   | Found a staircase to the Slime Pits.
 21750 | Lair:8   | Received a gift from Okawaru
 21751 | Lair:8   | Got an ancient crystal plate armour {god gift}
 21762 | Lair:8   | Identified the +13 crystal plate armour "Uzethicu" {Str+5 Slay+2} (Okawaru gifted it to you on level 8 of the Lair of Beasts)
 22296 | Lair:8   | Got a twisted battleaxe
 22740 | D:11     | Got a polished ring mail
 22751 | D:11     | Identified the +5 ring mail of Seiroc Zehe {+Fly MR+} (You found it on level 11 of the Dungeon)
 23297 | D:11     | Found a roughly hewn altar of Beogh.
 23739 | D:12     | Noticed Rupert
 23743 | D:12     | Paralysed by Rupert for 6 turns
 23753 | D:12     | Paralysed by Rupert for 3 turns
 23769 | D:12     | Killed Rupert
 24018 | D:12     | Found a staircase to the Orcish Mines.
 24058 | D:12     | Noticed Gastronok
 24069 | D:12     | Killed Gastronok
 24070 | D:12     | Found a basalt altar of Yredelemnul.
 24412 | Orc:1    | Entered Level 1 of the Orcish Mines
 24412 | Orc:1    | Noticed Nergalle
 24419 | D:12     | Killed Nergalle
 24687 | Orc:2    | Entered Level 2 of the Orcish Mines
 24687 | Orc:2    | Found a staircase to the Elven Halls.
 24844 | Orc:1    | Noticed Maud
 24860 | Orc:2    | Noticed an orc warlord
 24884 | Orc:1    | Killed an orc warlord
 25029 | Orc:2    | Found Rumneic's Antique Weapon Shoppe.
 25037 | Orc:2    | Noticed an orc warlord
 25064 | Orc:1    | Killed an orc warlord
 25064 | Orc:1    | Reached XP level 15. HP: 111/134 MP: 21/21
 25186 | Orc:1    | Killed Maud
 25186 | Orc:1    | Received a gift from Okawaru
 25187 | Orc:1    | Got a spiked quicksilver dragon armour {god gift}
 25356 | Orc:1    | Noticed Urug
 25371 | Orc:1    | Killed Urug
 25667 | Orc:2    | Found Wodurhex's General Store.
 25669 | Orc:2    | Reached skill level 10 in Evocations
 26089 | Orc:2    | Found Amnom's Jewellery Shop.
 26089 | Orc:2    | Paralysed by an orc sorcerer for 5 turns
 26502 | Orc:2    | Found Fugyokh's Antique Armour Shoppe.
 26919 | Orc:2    | Bought a scroll of identify for 26 gold pieces
 26919 | Orc:2    | Bought a scroll of identify for 26 gold pieces
 27177 | Lair:2   | Identified the quicksilver dragon armour of Kiaxzene {rC+ MR+ Str+3} (Okawaru gifted it to you on level 1 of the Orcish Mines)
 27249 | Lair:2   | Identified the +3 dire flail "Comets" {flame, *Rage Str+6 Int+4 SInv} (You took it off an orc in a bailey)
 27250 | Lair:2   | Identified the +6 battleaxe of Nakag {flame, +Rage rPois Int+9 Dex-4} (You found it on level 8 of the Lair of Beasts)
 27251 | Lair:2   | Identified the +8 quarterstaff "Benob" {flame, Str+2} (You found it on level 8 of the Dungeon)
 27423 | Orc:2    | Bought the ring "Itralas" {rN+ Slay+5} for 1329 gold pieces
 28059 | D:13     | Found Guset's Magic Scroll Boutique.
 28146 | D:13     | Found a gate to the Vaults.
 28682 | D:13     | Received a gift from Okawaru
 29822 | D:15     | Entered Level 15 of the Dungeon
 29901 | D:15     | Noticed Nessos
 29908 | D:15     | Killed Nessos
 30037 | D:15     | Got a distressingly furry ring mail
 30267 | D:15     | Received a gift from Okawaru
 30273 | D:15     | Got a crystal demon whip {god gift}
 30274 | D:15     | Identified the +5 demon whip of Rubbish {drain, Str+3 Stlth+} (Okawaru gifted it to you on level 15 of the Dungeon)
 30440 | D:15     | Found a staircase to the Depths.
 30440 | D:15     | Noticed a fire giant
 30579 | D:15     | Killed from afar by a fire giant

Vault maps used:
D:1:      dpeg_arrival_pits
D:2:      bloody_makhleb, uniq_terence
D:3:      minitemple
D:4:      nicolae_overflow_crystal_walls, serial_shops, shop,
          nicolae_ru_awakened_eye, uniq_eustachio, uniq_blork_the_orc
D:5:      bloody_trog, minmay_temple_entry_hall, serial_shops, shop,
          enter_ossuary_5, first_bread, basic_altar,
          nicolae_tso_besieged_by_evil
D:6:      kennysheep_diamond, lemuel_tele_altar
D:7:      lemuel_doored_altar, grunt_ogre_cave, kennysheep_path_1,
          nicolae_sextant, uniq_joseph
D:8:      fedhas_altar_4, evilmike_ruin_ashenzari, okawaru_trees_2,
          gammafunk_temple_overflow_pools
D:9:      enter_bailey_2
D:10:     lair_0_dummy, serial_shops, nicolae_shop_waterfront,
          minmay_lizard_king
D:11:     special_room
D:12:     orc_0_dummy, yredelemnul_altar_generic, uniq_rupert, uniq_gastronok
D:13:     erik_vaults_2, serial_co_window_serial, co_window_of_opportunity_a,
          co_window_paths_a, co_window_corner_a, co_window_paths_a,
          co_window_corner_a, co_window_corner_a, co_window_unsneaky_path_e,
          co_window_2corner, co_window_paths_c, co_window_paths_d,
          co_window_4corner_a, glass_columns_a, glass_columns_b,
          glass_columns_a, serial_shops, shop, lemuel_nasty_fountain
D:14:     infiniplex_staircase_zigzag_1, nicolae_lava_and_water
D:15:     grunt_enter_depths_giant_problem, grunt_decor_mini_mirrors,
          st_stairs_7, lemuel_freeze_loot_1, uniq_nessos
Temple:   hc_temple_tempest_star
Lair:1:   uniq_harold
Lair:2:   hangedman_lair_generics_rect
Lair:3:   grunt_megastairs_1, serial_bayou_shore_b
Lair:4:   minmay_swamp_entry_reptiles, pf_torpor_hydra, lemuel_fruit_tree
Lair:5:   nicolae_spider_entry_tight_spaces, grunt_megastairs_4
Lair:6:   worms_lemuel
Lair:7:   st_stairs_9, minmay_stone_trees_small, beast_lair_carwin_4,
          infiniplex_staircase_pool
Lair:8:   minmay_lair_end_frog_pond, dpeg_slime_entry_corner,
          serial_bayou_lagoon_a
Orc:1:    uniq_urug, uniq_maud, uniq_nergalle
Orc:2:    grunt_orc_gardens, grunt_orc_garden, grunt_orc_garden,
          grunt_orc_garden, grunt_orc_garden, nicolae_volcano_entry_s_turn
Ossuary:  ossuary_crypta
Bailey:   bailey_polearm_flooded_kennysheep, bailey

Skill      XL: |  1  2  3  4  5  6  7  8  9 10 11 12 13 14 15 |
---------------+----------------------------------------------+-----
Maces & Flails | 3 4 5 6 7 8 9 |  9.3
Dodging        | 1 2 3 4 6 7 8 9 10 11 12 | 12.4
Shields        | 4 5 6 7 9 10 11 12 13 | 13.5
Fighting       | 4 5 6 7 8 9 10 11 12 13 | 13.2
Armour         | 4 5 6 7 8 9 10 11 12 13 | 13.3
Evocations     | 1 2 3 4 5 6 7 8 9 10 | 10.5
Long Blades    | 4 7 9 10 11 12 | 12.8
Invocations    | 2 4 6 7 |  7.5

Action                   |  1- 3 |  4- 6 |  7- 9 | 10-12 | 13-15 || total
-------------------------+-------+-------+-------+-------+-------++-------
Melee: Flail             |    71 |   125 |   307 |    41 |    42 ||   586
       Falchion          |       |       |       |   554 |  1168 ||  1722
 Fire: Greatsling        |       |       |       |       |     4 ||     4
Throw: Stone             |       |     7 |     2 |       |       ||     9
       Javelin           |       |       |       |    16 |    92 ||   108
Invok: Heroism           |       |       |       |     3 |    18 ||    21
       Finesse           |       |       |       |       |     8 ||     8
Evoke: Wand              |       |       |       |     1 |       ||     1
  Use: Scroll            |       |     1 |    12 |     8 |    16 ||    37
       Potion            |       |       |     2 |     1 |     2 ||     5
 Stab: Distracted        |       |       |       |       |     1 ||     1
  Eat: Chunk             |     1 |     8 |    12 |    25 |    46 ||    92
       Beef jerky        |       |       |     1 |     1 |     1 ||     3
       Fruit             |       |       |       |       |     2 ||     2
